 Dungeon Crawl Stone Soup version 0.31-a0-865-g3d5d91748a (webtiles) character file.

Game seed: 11018187763418579916

197915 tabstorm the Eclecticist (level 19, -4/130 HPs)
             Began as a Djinni Fire Elementalist on Oct 10, 2023.
             Was the Champion of Ashenzari.
             Slain by Donald
             ... wielding a +0 eveningstar of freezing
              (18 damage)
             ... on level 2 of the Spider Nest on Oct 11, 2023.
             The game lasted 02:43:47 (30656 turns).

tabstorm the Eclecticist (DjFE)                    Turns: 30656, Time: 02:43:47

Health: -4/130     AC: 10    Str: 13    XL:     19   Next: 12%
Gold:   1412       EV: 21    Int: 27    God:    Ashenzari [******] SH:  0 Dex: 15

rFire   + + +        r - +5 glaive of the Guard {elec, spectral, Cun, Elem} (curse)
rCold   + . .        (shield currently unavailable)
rNeg    . . .        W - +2 robe "Affliction of Ashenzari" {rC+ rF+, Cun, Bglg} (curse)
rPois   ∞            f - +1 helmet of the Tethered God {Int+3, Cun, Elem} (curse)
rElec   .            s - +0 cloak "Share My Secrets" {Will+, Fort, Cun} (curse)
rCorr   +            Z - +2 pair of gloves "Inaction of Ashenzari" {Stlth+, Elem, Cun} (curse)
SInv    +            (boots unavailable)
Will    ++...        y - amulet of Vitality {RegenMP++ Regen++, Cun, Dev} (curse)
Stlth   +++++        E - ring of Supernal Knowledge {rCorr, Elem, Melee} (curse)
HPRegen 2.01/turn    U - ring of Apeoromancy {rPois rC+ Str+6 Slay+2, Elem, Alch} (curse)
MPRegen 0.00/turn

%: clarity, infuse magic (-5 HP)
@: flying
A: sickness immunity, fire resistance 2, cold vulnerability 1, float, innate
caster, HP casting, extra vitality 1
}: 1/15 runes: decaying
a: Renounce Religion, Shatter the Chains


You were on level 2 of the Spider Nest.
You worshipped Ashenzari.
Ashenzari was exalted by your worship.
You visited 6 branches of the dungeon, and saw 30 of its levels.
You also visited: Gauntlet and Ice Cave.

You collected 3118 gold pieces.
You spent 1706 gold pieces at shops.

Inventory:

Hand Weapons
 r - the cursed +5 glaive of the Guard (weapon) {elec, spectral, Cun, Elem}
   (You found it on level 5 of the Lair of Beasts)

   It has a curse which improves the following skills: Cunning: Dodging and
   Stealth.
   Elements:  Fire Magic, Ice Magic, Air Magic and Earth Magic.
Missiles
 a - 5 silver javelins
 h - 11 curare-tipped darts
 o - 53 poisoned darts
 X - 2 throwing nets
Armour
 f - the cursed +1 helmet of the Tethered God (worn) {Int+3, Cun, Elem}
   (You found it in a Gauntlet)

   It has a curse which improves the following skills: Cunning: Dodging and
   Stealth.
   Elements:  Fire Magic, Ice Magic, Air Magic and Earth Magic.
 s - the cursed +0 cloak "Share My Secrets" (worn) {Will+, Fort, Cun}
   (You found it in a Gauntlet)

   It has a curse which improves the following skills: Fortitude: Armour and
   Shields.
   Cunning:   Dodging and Stealth.
 W - the cursed +2 robe "Affliction of Ashenzari" (worn) {rC+ rF+, Cun, Bglg}
   (You took it off Erica on level 1 of the Lair of Beasts)

   It has a curse which improves the following skills: Cunning: Dodging and
   Stealth.
   Beguiling: Conjurations, Hexes and Translocations.
 Z - the cursed +2 pair of gloves "Inaction of Ashenzari" (worn) {Stlth+, Elem, Cun}
   (You found it in a Gauntlet)

   It has a curse which improves the following skills: Elements: Fire Magic, Ice
   Magic, Air Magic and Earth Magic.
   Cunning:   Dodging and Stealth.
Magical Staves
 x - a staff of fire
Jewellery
 k - the ring of Soilafoa {rF+ Will+}
   (You found it in a Gauntlet)

   [ring of willpower]

   rF+:       It protects you from fire.
   Will+:     It increases your willpower.
 q - the ring "Yllenifu" {+Blink AC+4 Str+6 SInv}
   (You took it off a minotaur in a Gauntlet)

   [ring of protection]

   AC+4:      It affects your AC (+4).
   Str+6:     It affects your strength (+6).
   SInv:      It lets you see invisible.
   +Blink:    It lets you blink.
 y - the cursed amulet of Vitality (around neck) {RegenMP++ Regen++, Cun, Dev}
   (You bought it in a shop on level 2 of the Orcish Mines)

   [amulet of magic regeneration]

   RegenMP:   It increases your rate of magic regeneration.
   Regen++:   It increases your rate of health regeneration.
   It has a curse which improves the following skills: Cunning: Dodging and
   Stealth.
   Devices:   Evocations and Shapeshifting.
 E - the cursed ring of Supernal Knowledge (left hand) {rCorr, Elem, Melee}
   (You found it on level 7 of the Dungeon)

   [ring of resist corrosion]

   rCorr:     It protects you from acid and corrosion.
   It has a curse which improves the following skills: Elements: Fire Magic, Ice
   Magic, Air Magic and Earth Magic.
   Melee Combat: Short Blades, Long Blades, Axes, Maces & Flails, Polearms,
   Staves and Unarmed Combat.
 J - a ring of protection from cold
 N - a +6 ring of intelligence
 Q - a ring of positive energy
 S - a ring of wizardry
 U - the cursed ring of Apeoromancy (right hand) {rPois rC+ Str+6 Slay+2, Elem, Alch}
   (You found it in an ice cave)

   [ring of strength]

   Str+6:     It affects your strength (+6).
   Slay+2:    It affects your accuracy & damage with ranged weapons and melee
   (+2).
   rC+:       It protects you from cold.
   rPois:     It protects you from poison It has a curse which improves the
   following skills: Elements: Fire Magic, Ice Magic, Air Magic and Earth Magic.
   Alchemy:   Poison Magic and Transmutations.
 V - a ring of ice
 Y - the amulet of the Air {Inacc Air Fly rElec RMsl}
   (You found it in a Gauntlet)

   [amulet of nothing]

   Inacc:     It reduces the accuracy of your attacks and spells.
   Air:       It enhances your air magic.
   rElec:     It insulates you from electricity.
   Fly:       It grants you flight.
   RMsl:      It protects you from missiles.
Talismans
 d - a maw talisman
 K - a serpent talisman
Wands
 n - a wand of digging (4)
 p - a wand of flame (38)
 L - a wand of roots (37)
 O - a wand of mindburst (14)
 R - a wand of paralysis (15)
 T - a wand of polymorph (19)
Scrolls
 b - 3 scrolls of revelation
 e - 6 scrolls of enchant weapon
 j - a scroll of poison
 t - 2 scrolls of torment
 u - a scroll of butterflies
 w - 2 scrolls of vulnerability
 z - a scroll of enchant armour
 G - 7 scrolls of teleportation
Potions
 c - 4 potions of mutation
 g - 10 potions of curing
 i - 2 potions of heal wounds
 l - a potion of haste
 m - 5 potions of invisibility
 v - 2 potions of attraction
 B - 2 potions of lignification
 C - 2 potions of ambrosia
 D - a potion of resistance
 F - 2 potions of might
 H - 3 potions of enlightenment
 I - 3 potions of cancellation
 P - 5 potions of brilliance
Miscellaneous
 A - a phantom mirror


   Skills:
 * Level 10.0 Fighting
 - Level 13.3(15.7) Polearms
 - Level 9.6(17.0) Dodging
 - Level 3.7(10.0) Stealth
 - Level 19.2 Spellcasting
 - Level 19.2(21.4) Conjurations
 - Level 19.2(21.4) Hexes
 - Level 19.2 Summonings
 - Level 19.2 Necromancy
 - Level 19.2(21.4) Translocations
 - Level 19.2(21.4) Transmutations
 - Level 19.2(25.5) Fire Magic
 - Level 19.2(25.5) Ice Magic
 - Level 19.2(25.5) Air Magic
 - Level 19.2(25.5) Earth Magic
 - Level 19.2(21.4) Poison Magic
 - Level 5.1(7.5) Evocations


You knew the following spells:

 Your Spells              Type           Power      Damage    Failure   Level
a - Foxfire               Conj/Fire      100%       2x1d9     0%          1
b - Scorch                Fire           100%       2d9       0%          2
c - Volatile Blastmotes   Fire/Tloc      100%       2d18      0%          3
d - Inner Flame           Hex/Fire       100%       N/A       0%          3
e - Flame Wave            Conj/Fire      100%       2d21      0%          4
f - Freeze                Ice            100%       1d10      0%          1
g - Passwall              Tmut/Erth      83%        N/A       0%          2
h - Blink                 Tloc           100%       N/A       0%          2
i - Sticky Flame          Conj/Fire      100%       2d11      0%          4
j - Summon Forest         Summ/Tloc      47%        N/A       0%          5
k - Alistair's Intoxicat  Tmut/Pois      64%        N/A       0%          5
l - Summon Cactus Giant   Summ           46%        N/A       1%          6
m - Spellforged Servitor  Conj/Summ      47%        N/A       1%          7
n - Conjure Ball Lightni  Conj/Air       50%        3x3d17    0%          6
Your spell library was empty.

Dungeon Overview and Level Annotations

Branches:
Dungeon (15/15)            Temple (1/1) D:4            Lair (5/5) D:11
  Swamp (4/4) Lair:3       Spider (3/4) Lair:2        Slime (0/5) Lair:5
    Orc (2/2) D:12            Elf (0/3) Orc:2        Vaults (0/5) D:13
 Depths (0/4) D:15          IceCv (visited)         Gauntlet (visited)

Altars:
Ashenzari
Cheibriados
Dithmenos
Elyvilon
Fedhas
Gozag
Hepliaklqana
Makhleb
Nemelex Xobeh
Okawaru
Qazlal
Ru
Trog
Uskayaw
Wu Jian
Xom
Yredelemnul
Zin
The Shining One
Jiyva

Shops:
D:1 !   D:5 (   D:9 (   Orc:2 *=([(

Annotations:
D:1 exclusion: downstairs
D:5 1 runed translucent door, Crazy Yiuf
D:6 2 runed translucent doors, JayJaygamer2134567's ghost, novice DrMo
D:7 exclusion: downstairs
D:15 2 runed translucent doors, exclusion: oklob plant, Bustrupp's ghost, journeyman DsMo
Swamp:2 Roxanne
Swamp:4 2 transporters, arthad's ghost, adept MiFi
Spider:2 exclusion: downstairs, Donald
Spider:3 Arachne; Azrael


Innate Abilities, Weirdness & Mutations

You are immune to sickness and miasma.
You are immune to poison.
Your flesh is very heat resistant. (rF++)
You are vulnerable to cold. (rC-)
You float through the air rather than walking.
You learn spells naturally, not from books.
Your magical power is your life essence.
You have superior vitality. (+4 MHP)


Message History

The redback attacks as it pursues you! The redback closely misses you.
Donald says, "What's the point of being all-knowing if you can't do anything?"
The redback bites you but does no damage.
The redback bites you but does no damage.
There is a stone staircase leading up here.
Unknown command.
Unknown command.
The redback bites you but does no damage.
Donald mumbles some strange words.
Donald seems to speed up.
The redback closely misses you.
You fly upwards.
There is a stone staircase leading down here.
Unknown command.
Unknown command.
Unknown command.
You hit the redback.
The redback is lightly wounded.
Your +5 glaive of the Guard {elec, spectral, Cun, Elem} hits the redback!
The redback bites you.
You slice the redback!!
You kill the redback!
Your +5 glaive of the Guard {elec, spectral, Cun, Elem} disappears.
No target in view!
No target in view!
You start resting.
Your magical contamination has completely faded away.
You start resting.
HP restored.
You fly downwards.
Level annotation: exclusion: downstairs, Donald Donald hits you with a +0 eveningstar of freezing!!!
Donald freezes you.
Donald says, "So, what is this Orb thing, anyway?"
Donald hits you with a +0 eveningstar of freezing!!!
* * * LOW HITPOINT WARNING * * *
Donald freezes you!
* * * LOW HITPOINT WARNING * * *
Donald hits you with a +0 eveningstar of freezing!!
You die...
Donald says, "I won.
I... don't hate that."

#...####...### #..###..##.
#..####......# ##...#..##.
#...##>[.#...## #......###
##..##..####..######.#..####
#..##...##...##.########.#.
##..###..##...(...# ##....
##...##..###..#..####..#.#
##....##.^.[#####§.....###≈
#..##..##.@..# #...^.##≈≈#
#...#######@.# #####≈~≈≈##
###...###...## #≈#≈##≈
#....#^.#..# #≈≈≈≈≈#
####...#..## ##≈#≈≈#
#####.##### ###≈≈≈
##..######## #≈≈≈
##....####..# #####
##..#...##...## ###.#^.


You could see Donald (fast, strong, reflecting).

Vanquished Creatures
  A tentacled monstrosity (Swamp:4)
  Kirke (Lair:5)
  A ghost moth (Spider:1)
  A minotaur (Gauntlet)
  An eleionoma (Swamp:1)
  Snorg (D:14)
  Josephine (Lair:5)
  A fire dragon (D:15)
  An ice dragon (IceCv)
  A ghost crab (Swamp:1)
  6 hydras
  4 radroaches
  A centaur warrior (D:13)
  A jorogumo (Spider:2)
  3 alligators
  Erica (Lair:1)
  2 boulder beetles
  5 two-headed ogres
  2 tengu warriors
  8 demonic crawlers
  A skyshark (Lair:2)
  A fire crab (Gauntlet)
  A goliath frog (Swamp:1)
  2 pharaoh ants (Spider:1)
  3 swamp dragons
  A lindwurm (Lair:5)
  2 spectral hydras (Swamp:4)
  A bog body (Swamp:3)
  A necromancer (D:13)
  3 steelbarb worms
  A deep elf pyromancer (D:15)
  A wolf spider (Spider:2)
  2 will-o-the-wisps
  3 elephants
  An orc sorcerer (Orc:2)
  2 cyclopes
  7 ugly things
  A moth of wrath (Spider:2)
  2 black mambas
  Maggie (D:6)
  A torpor snail (Lair:3)
  5 cane toads
  An efreet (D:14)
  3 rime drakes
  A yaktaur (D:15)
  3 kobold demonologists
  An anaconda simulacrum (Swamp:3)
  4 komodo dragons
  A tengu conjurer (D:13)
  A golden dragon simulacrum (IceCv)
  A hydra zombie (Swamp:4)
  2 trolls
  5 meliai
  A red devil (D:11)
  2 death drake zombies (Swamp:4)
  An alligator simulacrum (Swamp:3)
  A raiju (shapeshifter) (D:13)
  A tyrant leech (Swamp:2)
  4 blink frogs
  Grinder (D:5)
  3 tarantellas (Spider:1)
  A death drake skeleton (Swamp:4)
  A hydra skeleton (Swamp:4)
  5 jumping spiders
  6 slime creatures
  A culicivora (Spider:2)
  A spriggan (Swamp:3)
  2 wyverns
  2 vampires
  11 yaks
  3 wraiths
  3 hogs (Lair:5)
  2 fire bats (Gauntlet)
  18 redbacks
  3 steam dragons
  A minotaur simulacrum (Swamp:3)
  4 basilisks
  17 vampire mosquitoes
  2 swamp worms (Swamp:1)
  9 water moccasins
  A hell hound (Gauntlet)
  5 orc warriors
  3 swamp drakes
  2 black bears
  An ice dragon simulacrum (IceCv)
  4 wolves
  5 ogres
  3 phantoms
  3 centaurs
  9 bullfrogs
  3 kobold brigands
  6 scorpions
  A water moccasin zombie (D:7)
  10 wights
  20 killer bees
  2 lindwurm simulacra
  4 howler monkeys
  2 electric eels (Spider:2)
  A jelly (D:5)
  A quasit (D:11)
  2 centaur zombies (D:7)
  A hound (D:3)
  2 bullfrog zombies (D:7)
  A gnoll bouda (D:6)
  10 orc priests
  A sleepcap (D:6)
  Jessica (D:2)
  5 iguanas
  15 orc wizards
  Natasha (thrice) (D:2)
  A hell rat (Lair:4)
  2 howler monkey zombies (D:7)
  Robin (D:1)
  8 gnolls
  7 adders
  A white imp (D:7)
  A worm (D:2)
  2 dart slugs
  46 orcs
  5 endoplasms
  3 giant cockroaches
  12 goblins
  13 hobgoblins
  4 jackals (D:1)
  12 kobolds
  5 quokkas
  9 ball pythons
  A bat (D:1)
  A frilled lizard (D:2)
  2 rats
478 creatures vanquished.

Vanquished Creatures (collateral kills)
  A golden dragon (IceCv)
  Nikola (Swamp:2)
  A tentacled monstrosity (Swamp:4)
  Mlioglotl (Swamp:2)
  2 thorn hunters (Swamp:4)
  Louise (Swamp:2)
  An orc warlord (Orc:2)
  A broodmother (Spider:3)
  6 eleionomae
  A hydra skeleton (Swamp:4)
  2 vampire knights (Swamp:4)
  5 bunyips
  A spark wasp (Spider:3)
  4 ice dragons (IceCv)
  2 shambling mangroves (Swamp:4)
  2 catoblepae
  4 ghost crabs
  9 hydras
  A jorogumo (Spider:2)
  11 alligators
  2 radroaches (Spider:2)
  An ogre mage (D:15)
  The ghost of Rocluheo the Unseen, a journeyman FeDe of Gozag (Lair:2)
  A tengu warrior (D:14)
  A boulder beetle (D:12)
  A two-headed ogre (D:11)
  An orc high priest (Orc:2)
  6 death yaks (Lair:5)
  A deep troll shaman (Lair:5)
  A deep troll earth mage (D:15)
  Urug (Lair:3)
  Sonja (Lair:2)
  5 spriggans
  A fire crab (D:15)
  A skyshark (Lair:4)
  A pharaoh ant (Spider:2)
  A sun moth (Spider:1)
  2 goliath frogs (Swamp:2)
  10 swamp dragons
  2 orb spiders (Spider:1)
  A wizard (D:12)
  4 skeletal warriors (D:12)
  6 spriggan druids
  A phantasmal warrior (Swamp:4)
  A spriggan simulacrum (Swamp:3)
  A steelbarb worm (Spider:1)
  8 bog bodies
  An orange crystal statue (IceCv)
  A deep elf pyromancer (D:13)
  A wolf spider (Spider:3)
  2 ugly things
  3 orc sorcerers (Orc:2)
  3 oklob plants (Swamp:4)
  3 will-o-the-wisps
  5 elephants
  A moth of wrath (Spider:1)
  A cyclops (D:12)
  2 black mambas
  A rust devil (D:11)
  2 torpor snails
  5 storm dragon simulacra (IceCv)
  An unseen horror (D:12)
  3 cane toads
  A gargoyle (D:12)
  8 komodo dragons
  A rime drake (Lair:4)
  A yaktaur (D:15)
  A polar bear (Lair:5)
  5 golden dragon simulacra (IceCv)
  4 meliai
  4 trolls
  A death drake zombie (Swamp:4)
  6 tyrant leeches
  10 tarantellas
  2 hydra zombies (Swamp:4)
  4 hornets
  2 alligator simulacra (Swamp:3)
  6 dream sheep (Lair:5)
  A death drake skeleton (Swamp:4)
  6 blink frogs
  8 jumping spiders
  4 shadows
  5 slime creatures
  3 wyverns
  34 yaks
  5 culicivoras
  A vampire (D:13)
  4 fire bats (Gauntlet)
  2 hogs (Lair:5)
  4 wraiths
  3 basilisks
  14 vampire mosquitoes
  A minotaur simulacrum (Swamp:3)
  18 redbacks
  2 wargs (Orc:1)
  A naga (shapeshifter) (D:14)
  10 swamp worms
  4 hydra simulacra (Swamp:4)
  2 hell hounds (Gauntlet)
  2 water moccasins (Lair:3)
  7 swamp drakes
  11 orc warriors
  6 ice dragon simulacra (IceCv)
  2 ogres
  2 centaurs
  11 wolves
  A kobold brigand (D:10)
  A gnoll sergeant (D:9)
  4 bullfrogs
  2 lindwurm simulacra (IceCv)
  An electric eel (Spider:2)
  6 orc priests (Orc:2)
  19 orc wizards
  3 hell rats (Lair:4)
  3 gnolls (D:9)
  30 orcs
  3 kobolds (D:10)
457 creatures vanquished.

Vanquished Creatures (others)
  An alligator (Swamp:2)
  A wizard (D:15)
  A tengu conjurer (D:15)
  2 bloated husks (Swamp:2)
  A swamp worm (Swamp:2)
  3 ball lightnings (Spider:3)
  172 foxfires
  34 snaplasher vines
  8 spectral weapons
223 creatures vanquished.

Grand Total: 1158 creatures vanquished

Notes
Turn   | Place    | Note
-------+----------+-------------------------------------------
     0 | D:1      | tabstorm the Djinni Fire Elementalist began the quest for
                  | the Orb.
     0 | D:1      | tabstorm set off with the following spells memorised:
                  | Foxfire, Scorch, Volatile Blastmotes, Inner Flame, Flame
                  | Wave.
     0 | D:1      | Reached XP level 1. HP: 15/15 MP: 0/0
   250 | D:1      | Found Ciuheiqi's Distillery.
   254 | D:1      | Reached XP level 2. HP: 18/21 MP: 0/0
   736 | D:1      | Reached XP level 3. HP: 23/25 MP: 0/0
   736 | D:1      | Learned a level 1 spell: Freeze
   937 | D:2      | Noticed Robin
   937 | D:2      | Noticed Jessica
  1062 | D:1      | Bought a potion of heal wounds for 70 gold pieces
  1133 | D:2      | Noticed Natasha
  1138 | D:2      | Killed Natasha
  1139 | D:2      | Reached XP level 4. HP: 26/31 MP: 0/0
  1204 | D:2      | Noticed Natasha
  1377 | D:2      | Killed Natasha
  1378 | D:2      | Reached XP level 5. HP: 17/35 MP: 0/0
  1378 | D:2      | Learned a level 2 spell: Passwall
  1445 | D:2      | Noticed Natasha
  1454 | D:2      | Killed Natasha
  1615 | D:1      | Killed Robin
  1924 | D:2      | Killed Jessica
  2361 | D:3      | Reached XP level 6. HP: 33/40 MP: 0/0
  2671 | D:3      | Reached skill level 5 in Spellcasting
  2671 | D:3      | Reached skill level 5 in Conjurations
  2671 | D:3      | Reached skill level 5 in Hexes
  2671 | D:3      | Reached skill level 5 in Summonings
  2671 | D:3      | Reached skill level 5 in Necromancy
  2671 | D:3      | Reached skill level 5 in Translocations
  2671 | D:3      | Reached skill level 5 in Transmutations
  2671 | D:3      | Reached skill level 5 in Fire Magic
  2671 | D:3      | Reached skill level 5 in Ice Magic
  2671 | D:3      | Reached skill level 5 in Air Magic
  2671 | D:3      | Reached skill level 5 in Earth Magic
  2671 | D:3      | Reached skill level 5 in Poison Magic
  3790 | D:4      | Found a staircase to the Ecumenical Temple.
  3849 | Temple   | Entered the Ecumenical Temple
  3956 | Temple   | Became a worshipper of Ashenzari the Shackled
  4014 | D:4      | Found a sparkling altar of Nemelex Xobeh.
  4033 | D:4      | Reached XP level 7. HP: 41/45 MP: 0/0
  4033 | D:4      | Learned a level 2 spell: Blink
  4230 | D:4      | Found an ornate altar of the Wu Jian Council.
  4985 | D:5      | Entered Level 5 of the Dungeon
  5088 | D:5      | Found Lecehicu's Antique Weapon Emporium.
  5274 | D:5      | Identified the +1 whip "Pendulum" {heavy, rC+ Will+ Str+3}
  5289 | D:5      | Found a runed translucent door.
  5290 | D:5      | Noticed Crazy Yiuf
  5330 | D:5      | Noticed Grinder
  5336 | D:5      | Killed Grinder
  5337 | D:5      | Reached XP level 8. HP: 32/50 MP: 0/0
  6027 | D:6      | Found a snail-covered altar of Cheibriados.
  6033 | D:6      | Noticed Maggie
  6043 | D:6      | Reached XP level 9. HP: 24/55 MP: 0/0
  6043 | D:6      | Learned a level 4 spell: Sticky Flame
  6150 | D:6      | phew
  6150 | D:6      | got sticky flame we're gaming now
  6472 | D:6      | Killed Maggie
  6507 | D:6      | Found a runed translucent door.
  6511 | D:6      | Noticed JayJaygamer2134567's ghost (novice DrMo)
  6553 | D:6      | Found a runed translucent door.
  6854 | D:6      | Reached skill level 1 in Fighting
  7487 | D:5      | Reached * piety under Ashenzari
  7837 | D:6      | Found an opulent altar of Gozag.
  7837 | D:6      | Found a shadowy altar of Dithmenos.
  7867 | D:7      | Identified the +3 leather armour of Filth {rC+}
  8177 | D:7      | Found an iron altar of Okawaru.
  8274 | D:7      | Reached XP level 10. HP: 26/67 MP: 0/0
  8444 | D:7      | Reached ** piety under Ashenzari
  9167 | D:7      | Reached *** piety under Ashenzari
  9302 | D:8      | Reached skill level 5 in Fighting
  9305 | D:8      | Reached skill level 10 in Spellcasting
  9305 | D:8      | Reached skill level 10 in Conjurations
  9305 | D:8      | Reached skill level 10 in Hexes
  9305 | D:8      | Reached skill level 10 in Summonings
  9305 | D:8      | Reached skill level 10 in Necromancy
  9305 | D:8      | Reached skill level 10 in Translocations
  9305 | D:8      | Reached skill level 10 in Transmutations
  9305 | D:8      | Reached skill level 10 in Fire Magic
  9305 | D:8      | Reached skill level 10 in Ice Magic
  9305 | D:8      | Reached skill level 10 in Air Magic
  9305 | D:8      | Reached skill level 10 in Earth Magic
  9305 | D:8      | Reached skill level 10 in Poison Magic
  9332 | D:8      | Noticed a two-headed ogre
  9584 | D:8      | Killed a two-headed ogre
  9948 | D:9      | Found Kiha's Weapon Shop.
 10207 | D:2      | Reached **** piety under Ashenzari
 10573 | D:9      | Reached XP level 11. HP: 67/82 MP: 0/0
 10573 | D:9      | Learned a level 5 spell: Summon Forest
 10747 | D:9      | Reached ***** piety under Ashenzari
 10902 | D:10     | Entered Level 10 of the Dungeon
 11006 | D:10     | Noticed a +0 short sword
 11006 | D:10     | Noticed a +0 short sword
 11012 | D:10     | Noticed a +0 spear
 11075 | D:10     | Found a white marble altar of Elyvilon.
 11095 | D:10     | Noticed a +0 falchion
 11096 | D:10     | Noticed a +0 falchion
 11096 | D:10     | Noticed a +0 dagger
 11098 | D:10     | Noticed a +0 dagger
 11100 | D:10     | Noticed a +0 spear
 11145 | D:10     | Found a burning altar of Makhleb.
 11248 | D:10     | Found a glowing silver altar of Zin.
 11251 | D:10     | Found a basalt altar of Yredelemnul.
 11262 | D:10     | Found a sacrificial altar of Ru.
 11262 | D:10     | Found a blossoming altar of Fedhas.
 11266 | D:10     | Found a shimmering altar of Xom.
 11386 | D:10     | Found a hide-covered altar of Uskayaw.
 11602 | D:11     | Noticed a manticore
 11620 | D:11     | Noticed a cyclops
 11652 | D:11     | Killed a cyclops
 11766 | D:11     | Found a snail-covered altar of Cheibriados.
 11957 | D:11     | Noticed a two-headed ogre
 12022 | D:11     | Killed a two-headed ogre
 12079 | D:11     | Found a staircase to the Lair.
 12148 | D:11     | Noticed a two-headed ogre
 12203 | D:11     | Killed a two-headed ogre
 12204 | D:11     | Reached XP level 12. HP: 88/89 MP: 0/0
 12460 | Lair:1   | Entered Level 1 of the Lair of Beasts
 12877 | Lair:1   | Found a sacrificial altar of Ru.
 12887 | Lair:1   | Noticed Erica
 12892 | Lair:1   | Killed Erica
 13680 | Lair:2   | Found a gate leading to a gauntlet.
 13689 | Gauntlet | Entered a Gauntlet
 13689 | Gauntlet | Found a transporter.
 13689 | Gauntlet | Found a transporter.
 13698 | Gauntlet | Found a transporter.
 13698 | Gauntlet | Found the amulet of the Air {Inacc Air Fly rElec RMsl}
 13713 | Gauntlet | Found a transporter.
 13728 | Gauntlet | Found a transporter.
 13741 | Gauntlet | Found a transporter.
 13758 | Gauntlet | Noticed a fire crab
 13759 | Gauntlet | Found a transporter.
 13834 | Gauntlet | Found a transporter.
 13847 | Gauntlet | Found a transporter.
 13850 | Gauntlet | Noticed a catoblepas
 13864 | Gauntlet | Found a transporter.
 13864 | Gauntlet | Identified the amulet of Recklessness {Spirit +Inv}
 13877 | Gauntlet | Found a transporter.
 13879 | Gauntlet | Found a large runed translucent door.
 13880 | Gauntlet | Found a large runed translucent door.
 13881 | Gauntlet | Found a large runed translucent door.
 13881 | Gauntlet | Found a large runed translucent door.
 13881 | Gauntlet | Found a runed translucent door.
 13881 | Gauntlet | Found a runed translucent door.
 13881 | Gauntlet | Identified the ring of Siobbij {*Corrode rN+ Str+3 Int+3
                  | Dex+6}
 13882 | Gauntlet | Found a large runed translucent door.
 13883 | Gauntlet | Found a large runed translucent door.
 13883 | Gauntlet | Found a large runed translucent door.
 13883 | Gauntlet | Found a large runed translucent door.
 13884 | Gauntlet | Found a large runed translucent door.
 13885 | Gauntlet | Found a large runed translucent door.
 13890 | Gauntlet | Found a large runed translucent door.
 13890 | Gauntlet | Found a large runed translucent door.
 13893 | Gauntlet | Found a large runed translucent door.
 13893 | Gauntlet | Found a large runed translucent door.
 13894 | Gauntlet | Found a runed translucent gate.
 13894 | Gauntlet | Found a runed translucent gate.
 13894 | Gauntlet | Found a runed translucent gate.
 13896 | Gauntlet | Found a transporter.
 13972 | Gauntlet | Found a transporter.
 13980 | Gauntlet | Noticed a great orb of eyes
 13982 | Gauntlet | Found a transporter.
 13988 | Gauntlet | Found a large runed translucent door.
 13988 | Gauntlet | Identified the Parchment of Apparitions
 13989 | Gauntlet | Found a large runed translucent door.
 13994 | Gauntlet | Found a transporter.
 14014 | Gauntlet | Found a transporter.
 14283 | Gauntlet | Killed a fire crab
 14284 | Gauntlet | Reached XP level 13. HP: 47/96 MP: 0/0
 14284 | Gauntlet | Learned a level 5 spell: Alistair's Intoxication
 14413 | Gauntlet | Identified the +10 war axe of Diet Blood {holy, rPois
                  | Stlth+}
 14413 | Gauntlet | Identified the +7 chain mail of Honesty {rC++ rN+ Str-5
                  | SInv}
 14413 | Gauntlet | Identified the ring "Yllenifu" {+Blink AC+4 Str+6 SInv}
 14413 | Gauntlet | Noticed a minotaur
 14471 | Gauntlet | Identified the ring of Soilafoa {rF+ Will+}
 14471 | Gauntlet | Identified the Excursus on Summoning
 14489 | Gauntlet | Killed a minotaur
 14599 | Lair:2   | Found a hole to the Spider Nest.
 14626 | Lair:2   | Reached skill level 5 in Dodging
 14631 | Lair:2   | Noticed a four-headed hydra
 14634 | Lair:2   | Killed a four-headed hydra
 14695 | Lair:2   | Noticed a seven-headed hydra
 14710 | Lair:2   | Killed a seven-headed hydra
 15242 | Lair:2   | Noticed Sonja
 15249 | Lair:2   | Killed Sonja
 15312 | Lair:2   | Found a large runed translucent door.
 15312 | Lair:2   | Found a large runed translucent door.
 15320 | Lair:2   | Noticed Rocluheo's ghost (journeyman FeDe)
 15605 | Lair:2   | Killed Rocluheo's ghost
 15751 | Lair:3   | You are sucked into a shaft and drop 1 floor!
 15767 | Lair:4   | Reached skill level 15 in Spellcasting
 15767 | Lair:4   | Reached skill level 15 in Conjurations
 15767 | Lair:4   | Reached skill level 15 in Hexes
 15767 | Lair:4   | Reached skill level 15 in Summonings
 15767 | Lair:4   | Reached skill level 15 in Necromancy
 15767 | Lair:4   | Reached skill level 15 in Translocations
 15767 | Lair:4   | Reached skill level 15 in Transmutations
 15767 | Lair:4   | Reached skill level 15 in Fire Magic
 15767 | Lair:4   | Reached skill level 15 in Ice Magic
 15767 | Lair:4   | Reached skill level 15 in Air Magic
 15767 | Lair:4   | Reached skill level 15 in Earth Magic
 15767 | Lair:4   | Reached skill level 15 in Poison Magic
 15790 | Lair:4   | Noticed a catoblepas
 16014 | Lair:3   | Reached XP level 14. HP: 92/101 MP: 0/0
 16114 | Lair:3   | Noticed Urug
 16121 | Lair:3   | Killed Urug
 16475 | Lair:3   | Found a staircase to the Swamp.
 17783 | Lair:5   | Entered Level 5 of the Lair of Beasts
 17934 | Lair:5   | Noticed Kirke
 17945 | Lair:5   | Killed Kirke
 18044 | Lair:5   | Noticed Josephine
 18054 | Lair:5   | Killed Josephine
 18204 | Lair:5   | Found a viscous altar of Jiyva.
 18204 | Lair:5   | Found a staircase to the Slime Pits.
 18657 | Lair:5   | Reached XP level 15. HP: 99/107 MP: 0/0
 18657 | Lair:5   | Learned a level 6 spell: Summon Cactus Giant
 18692 | Lair:5   | Found the +5 glaive of the Guard {elec, spectral}
 19189 | D:11     | Upgraded the game from 0.31-a0-859-g9dce7d3444 to
                  | 0.31-a0-865-g3d5d91748a
 19222 | D:12     | Reached skill level 1 in Polearms
 19559 | D:12     | Found a staircase to the Orcish Mines.
 19760 | Orc:1    | Entered Level 1 of the Orcish Mines
 19896 | Orc:2    | Entered Level 2 of the Orcish Mines
 20051 | Orc:2    | Reached skill level 5 in Polearms
 20058 | Orc:2    | Found Hirchenumm's Jewellery Boutique.
 20058 | Orc:2    | Found Gifof's Antique Armour Shop.
 20060 | Orc:2    | Found Weijo's Antique Weapon Shop.
 20074 | Orc:2    | Found Vueq's Assorted Antiques.
 20096 | Orc:2    | Found a staircase to the Elven Halls.
 20101 | Orc:2    | Noticed an orc warlord
 20110 | Orc:2    | Killed an orc warlord
 20251 | Orc:2    | Reached ****** piety under Ashenzari
 20290 | Orc:2    | Found Yhyashren's Weapon Emporium.
 20650 | Orc:2    | Bought the amulet of Vitality {RegenMP++ Regen++} for 1300
                  | gold pieces
 20650 | Orc:2    | Found the amulet of Vitality {RegenMP++ Regen++}
 20657 | Orc:2    | Bought a cabochon ring for 105 gold pieces
 20657 | Orc:2    | Bought a potion of invisibility for 168 gold pieces
 20657 | Orc:2    | Bought a scroll of teleportation for 63 gold pieces
 20784 | D:13     | Found a gate to the Vaults.
 20840 | D:13     | Identified the Tractate on the Scorpion and the Volcano
 21356 | D:13     | Identified the +1 hat of Twilight {rN++ Int-5}
 21749 | D:14     | Noticed Snorg
 21760 | D:14     | Killed Snorg
 21888 | D:14     | Reached XP level 16. HP: 108/108 MP: 0/0
 21965 | D:14     | Identified the +2 ring mail of the Lotus Blossom {+Inv
                  | rPois Will+}
 22129 | D:15     | Entered Level 15 of the Dungeon
 22407 | D:15     | Found a staircase to the Depths.
 22497 | D:15     | Found a blossoming altar of Fedhas.
 22799 | D:15     | Found a large runed translucent door.
 22800 | D:15     | Found a large runed translucent door.
 22807 | D:15     | Noticed Bustrupp's ghost (journeyman DsMo)
 22807 | D:15     | Identified the staff "Ximik" {Fragile rC+ rCorr Conj}
 23593 | Spider:1 | Entered Level 1 of the Spider Nest
 23629 | Swamp:1  | Entered Level 1 of the Swamp
 24690 | Swamp:2  | Identified the +5 ring mail of the Other World {rPois}
 25115 | Swamp:2  | Noticed Louise
 25140 | Swamp:2  | Killed Louise
 25141 | Swamp:2  | Reached XP level 17. HP: 111/116 MP: 0/0
 25141 | Swamp:2  | Learned a level 7 spell: Spellforged Servitor
 25152 | Swamp:2  | Noticed Nikola
 25163 | Swamp:2  | Noticed Mlioglotl
 25166 | Swamp:2  | Killed Nikola
 25173 | Swamp:2  | Noticed a hellephant
 25176 | Swamp:2  | Killed Mlioglotl
 25177 | Swamp:2  | Reached skill level 10 in Polearms
 25178 | Swamp:2  | sit
 25184 | Swamp:2  | Noticed Roxanne
 25513 | Swamp:3  | Found a frozen archway.
 25996 | Swamp:3  | Reached skill level 10 in Fighting
 26011 | Swamp:3  | Reached skill level 1 in Evocations
 26075 | IceCv    | Entered an ice cave
 26394 | IceCv    | Noticed a golden dragon
 26409 | IceCv    | Killed a golden dragon
 26589 | IceCv    | Identified the ring of Iqygus {rPois rC+ Str+6 Slay+2}
 26980 | Swamp:3  | Identified the +4 chain mail of the Old World {Drain Fly
                  | Dex+3 Stlth+}
 27262 | Swamp:4  | Entered Level 4 of the Swamp
 27263 | Swamp:4  | Noticed arthad's ghost (adept MiFi)
 27263 | Swamp:4  | Found a transporter.
 27315 | Swamp:4  | Reached skill level 5 in Evocations
 27323 | Swamp:4  | Noticed a tentacled monstrosity
 27341 | Swamp:4  | Killed a tentacled monstrosity
 27580 | Swamp:4  | Identified a scroll of acquirement
 27584 | Swamp:4  | Found a transporter.
 27682 | Swamp:4  | Reached XP level 18. HP: 105/124 MP: 0/0
 27785 | Swamp:4  | wut
 27813 | Swamp:4  | cactus'd to death
 27958 | Swamp:4  | Found a blossoming altar of Fedhas.
 27967 | Swamp:4  | Found a basalt altar of Yredelemnul.
 28108 | Swamp:4  | Noticed a tentacled monstrosity
 28121 | Swamp:4  | Killed a tentacled monstrosity
 28303 | Swamp:4  | Got a decaying rune of Zot
 30206 | Spider:2 | Reached XP level 19. HP: 114/130 MP: 0/0
 30206 | Spider:2 | Learned a level 6 spell: Conjure Ball Lightning
 30206 | Spider:2 | wow bad rng
 30478 | Spider:3 | Noticed Donald
 30543 | Spider:3 | Noticed Arachne
 30543 | Spider:3 | Noticed Azrael
 30546 | Spider:2 | no
 30656 | Spider:2 | Slain by Donald

Illustrated notes .##.......... .###########. .# . .# 8 ## .# ##+ ###.# #..# #...# #... †g# #...## ..# #...@# ..# #..#..# ..# ## ##... ... #### .... ..... g..... ....... Turn 6150 on D:6: phew *♣♣♣♣♣♣* *♣♣♣♣♣♣♣* ,~.♣...♣*♣♣♣.~.♣~.~♣* ,~~..~.~♣♣~^.♣.~.~.~* ,.~~.~....~.~§......, ,$~~#~†..~~.~§.~§...~ ,,.♣~~)♣.§♣~~..§~~.~~ ~,~...~.♣C~~~~.~~~.♣~, {,,...~...~@.~.~~§~.♣., ~'''♣##♣~♣.~~~~R~~~.~., *~,,*∆∆♣~♣~♣)~~~~....., {~,,,~∆♣.~.~.~~~~♣...., ~~,~***#.♣♣.♣~~.~~~..., ,,,,~,,♣~.~~~♣~~~♣....~ ,~,~,,,#~.....♣~...~.~* *~,~{8~~,,∆,#..♣..♣♣♣~..♣.♣* *.~,~~,~,~∆,#.♣♣♣♣♣ *..~♣♣♣ Turn 25178 on Swamp:2: sit ♣♣♣♣♣♣♣♣ ♣♣♣♣♣♣~.~..~♣ ♣♣♣♣~.~~~~~~~~.♣♣ ♣♣ ♣♣♣♣....~~~~~~°~~○~♣♣ ~♣ ♣...~~~.......○○○○○.♣ ** ♣.~~~~~..~~.....9°~.♣ ♣♣♣♣.~~~~~~~~~.@))†CD~~♣♣ ♣♣......†~~~.~~~~~♣~○Z○D.♣***** ~♣.....§~~~..~~.♣♣~..~~~†~~~..♣* ~~.~~.~~~~~~~~~.~♣~~~~~~~§~°..~* ..~~..~~~~~~~~~~♣...~~§###...##* ~~.~♣.~~~~~~.~~.♣♣....#♣**{°## ......~~..~~~~..♣♣♣♣.~# *,~DD♣** ......~~..~~~~~.♣♣.~~##**,,~{.~* ####..~§...~~~~~~...♣♣**,,~,~..* Turn 27785 on Swamp:4: wut

♣♣♣~.~♣♣♣ ♣♣♣♣ ♣♣♣..~§~~.♣
♣♣♣♣♣♣~.~ ♣~~.~~~~~.♣
♣♣♣♣~~~~~~~~ *♣~~~....♣♣♣♣
♣♣♣♣.~~~§~~~~~~ ♣♣~.~.).♣~~♣
♣.~.~~~~.~~.... ♣♣...~~<..♣**
♣.~~~~~~~~~..♣. ♣.~~~~~~§♣♣
♣♣♣♣.~~§~§~~~~.[))
♣~~~♣♣~~.~♣♣♣.C..~~†~~§.~~~~~♣
♣..♣♣♣~.^~~~♣@(..Z§~~§~~~~.♣♣~
♣♣♣* ♣♣.~~~~~.~~.~~~~~~~~~.~♣~
♣~.~~~..~~..~§~~~~~~~~♣..
♣♣♣♣♣♣♣♣♣♣~.~~.~♣.~~~~~~♣~~.♣♣.
♣.................~§..~~~~..♣♣♣
♣........[........~~..~~~~~.♣♣.
♣..♣#♣##########..~§...~~~~~~..
♣..♣{........$.#.[.§..~~.~~♣♣..
♣..♣..........{#..~~.~~~.~♣♣***


Turn 27813 on Swamp:4: cactus'd to death **,,** ### #.^#. *,,,,**
######.####.... ,,,*,,* ###.#.....#.#...# ,,*,,,* #.......#.<...###
*,,,,∆*##..#.####..#..# *,*,,,*#9.†### ####### *,,,∆,,#C†## ,,,,,,8#.##
,,,,,*,#@# ,,,***,#.# ,,**{{,#.# ,,*,,,,..# 8,,,,,8#.# **,,,**#.# *,∆***#^#
**,^,,..# ******** Turn 30206 on Spider:2: wow bad rng ###### ##### ##....##
#...^ #(.....# ##..# #..#...## ##...# #..##...# #..#.. #.@###..## #..#..
##..###^..## ##..### #..##.###..# #^.###. ##<.#...#...# #..#^.. #...##.....##
##.§..# ######...#.^.### ###..## ###..#....##.#...## #^#####
##^.......######.†.###..##.. ##......#### ###..#..###.. Turn 30546 on Spider:2:
no

Levels and vault maps discovered:
D:1:      saegor_arrival_simple_d, layout_basic, serial_shops, shop
D:2:      layout_rooms, uniq_natasha, uniq_robin, uniq_jessica
D:3:      layout_basic, kennysheep_pointless_box, st_stairs_12
D:4:      layout_loops_ring, nzn_wu_jian_council_hall,
          nemelex_dance_club_becter, minmay_temple_entry_junction
D:5:      layout_loops_ring, serial_shops, nicolae_stop_n_shop_1,
          hangedman_decor_riveting, st_stairs_13, grunt_ministairs_2,
          kennysheep_generic_room_7, uniq_crazy_yiuf_cottage, uniq_grinder
D:6:      layout_basic, nicolae_overflow_hidden_temple, ebering_ghost_sewer_f,
          chequers_arboretum, kennysheep_path_1, grunt_decor_mini_mirrors,
          kennysheep_flooded_box, grunt_ministairs_11, minmay_misc_feat_encased,
          minmay_misc_feat_cross, uniq_maggie
D:7:      layout_loops_corners, lemuel_tele_altar, serial_undead,
          serial_undead_b, serial_undead_d, serial_undead_e, serial_undead_d
D:8:      layout_rooms, eino_jars
D:9:      layout_long_grid, serial_shops, shop, hangedman_abyss_or_decor_passed
D:10:     layout_basic, grunt_temple_overflow_open, nicolae_uskayaw_en_pointe,
          doesnt_xom_only_xom
D:11:     layout_loops_ring, david_lair_shrubbed, serial_demonic,
          serial_demonic_d, serial_demonic_d, serial_demonic_f,
          serial_demonic_d, kennysheep_slug_shrine
D:12:     layout_rooms, orc_0_dummy
D:13:     layout_loops_ring, david_vaults_1, amcnicky_mini_pool_small
D:14:     layout_roguey, led_sif_pool, drop_trap, uniq_snorg
D:15:     hellmonk_depths_entry_around_the_bend, layout_stronghold,
          ebering_ghost_disaster_area, abandoned_shop, grunt_ministairs_8,
          tgw_fedhas
Temple:   minmay_temple_curvy_loop
Lair:1:   layout_concentric_octagons, basic_altar, uniq_erica
Lair:2:   layout_small_grid, spider_nest_entry_web_field,
          gauntlet_entry_generic, ebering_ghost_disaster_area, uniq_sonja
Lair:3:   layout_regular_city, minmay_swamp_entry_worms, uniq_urug
Lair:4:   layout_hall_layers, grunt_megastairs_5
Lair:5:   grunt_lair_end_beastmaster, layout_hall_layers,
          dpeg_slime_entry_corner, uniq_josephine, uniq_kirke
Swamp:1:  layout_basic_swamp, evilmike_swamp_ruin_house_3, swamp_pool5
Swamp:2:  layout_falls_marsh, nicolae_swamp_some_circles, grunt_ruined_hall,
          uniq_louise, uniq_mlioglotl, uniq_nikola, uniq_roxanne
Swamp:3:  layout_falls_marsh, portal_ice_cave_entry_ice_simulacra,
          evilmike_swamp_ruin_house_1
Swamp:4:  byrel_swamp_growth_death_and_undeath, layout_basic_swamp,
          gammafunk_ghost_mausoleum
Spider:1: layout_spider_delve
Spider:2: layout_spider_delve, hellmonk_test_site
Spider:3: layout_spider_delve, guppyfry_spider_mini_3,
          hangedman_spider_tarantella_strand, uniq_azrael, uniq_donald,
          uniq_arachne, uniq_aizul
Orc:1:    layout_diamond_mine, serial_shops, shop
Orc:2:    st_orc_mages, layout_caves, serial_shops, shop

Skill      XL: |  1  2  3  4  5  6  7  8  9 10 11 12 13 14 15 16 17 18 |
---------------+-------------------------------------------------------+-----
Spellcasting   | 4 5 7 8 9 11 13 14 15 17 18 19 | 19.2
Conjurations   | 4 5 7 8 9 11 13 14 15 17 18 19 | 19.2
Hexes          | 4 5 7 8 9 11 13 14 15 17 18 19 | 19.2
Summonings     | 4 5 7 8 9 11 13 14 15 17 18 19 | 19.2
Necromancy     | 4 5 7 8 9 11 13 14 15 17 18 19 | 19.2
Translocations | 4 5 7 8 9 11 13 14 15 17 18 19 | 19.2
Transmutations | 4 5 7 8 9 11 13 14 15 17 18 19 | 19.2
Fire Magic     | 4 5 7 8 9 11 13 14 15 17 18 19 | 19.2
Ice Magic      | 4 5 7 8 9 11 13 14 15 17 18 19 | 19.2
Air Magic      | 4 5 7 8 9 11 13 14 15 17 18 19 | 19.2
Earth Magic    | 4 5 7 8 9 11 13 14 15 17 18 19 | 19.2
Poison Magic   | 4 5 7 8 9 11 13 14 15 17 18 19 | 19.2
Stealth        | 2 3 |  3.7
Fighting       | 4 5 6 7 9 10 | 10.0
Dodging        | 4 6 8 9 |  9.6
Polearms       | 7 9 11 13 | 13.3
Evocations     | 5 |  5.1

Action                     |  1- 3 |  4- 6 |  7- 9 | 10-12 | 13-15 | 16-18 | 19-21 || total
---------------------------+-------+-------+-------+-------+-------+-------+-------++-------
  Melee: Short sword       |     2 |     1 |       |       |       |       |       ||     3
         Whip              |       |       |    10 |    88 |    82 |       |       ||   180
         Punch             |       |       |       |       |     1 |       |       ||     1
         Glaive            |       |       |       |       |   108 |   281 |    21 ||   410
   Cast: Foxfire           |    42 |    31 |     6 |     4 |     1 |       |       ||    84
         Scorch            |     2 |    36 |    89 |    53 |    45 |     1 |       ||   226
         Volatile Blastmot |       |    30 |    39 |    12 |       |       |       ||    81
         Flame Wave        |       |       |     5 |    19 |     3 |       |       ||    27
         Sticky Flame      |       |       |    17 |    58 |    84 |     6 |       ||   165
         Blink             |       |       |       |     7 |     2 |     4 |     1 ||    14
         Summon Forest     |       |       |       |    20 |    65 |    83 |     2 ||   170
         Freeze            |       |       |       |    13 |    21 |       |       ||    34
         Alistair's Intoxi |       |       |       |       |     2 |     6 |       ||     8
         Summon Cactus Gia |       |       |       |       |    16 |   114 |     6 ||   136
         Spellforged Servi |       |       |       |       |       |    58 |     3 ||    61
         Conjure Ball Ligh |       |       |       |       |       |       |     1 ||     1
 Invoke: Curse Item        |       |       |     2 |     6 |     4 |     3 |       ||    15
         Shatter the Chain |       |       |       |     1 |     4 |     2 |       ||     7
  Evoke: Wand              |       |       |       |       |     1 |     6 |       ||     7
    Use: Scroll            |     2 |     3 |     2 |       |     8 |     6 |     1 ||    22
         Potion            |       |     1 |       |     6 |     4 |     3 |     1 ||    15
   Stab: Distracted        |       |       |       |     4 |     9 |    20 |     1 ||    34
         Sleeping          |       |       |       |       |     1 |     4 |     3 ||     8
         Confused          |       |       |       |       |       |     1 |       ||     1
 Armour: Robe              |    27 |    24 |    14 |    41 |   223 |   237 |    30 ||   596
         Leather armour    |       |       |    27 |   139 |       |       |       ||   166
  Dodge: Dodged            |    29 |    23 |    44 |   138 |   231 |   208 |    36 ||   709

Table legend: (Time is in decaauts)
 A = Elapsed time spent in this place.
 B = Non-inter-level travel time spent in this place.
 C = Inter-level travel time spent in this place.
 D = Time resting spent in this place.
 E = Time spent auto-exploring this place.
 F = Levels seen in this place.
 G = Mean time per level.
                   A        B        C        D        E       F      G
               +--------+--------+--------+--------+--------+-----+--------+
         Total |  30888 |  28435 |   2453 |   3025 |  16197 |  32 |  965.2 |
       Dungeon |  15887 |  14579 |   1308 |   1845 |   9817 |  15 | 1059.1 |
        Temple |    118 |    108 |     10 |      0 |      0 |   1 |  118.0 |
          Lair |   6050 |   5613 |    437 |     81 |   3965 |   5 | 1210.0 |
         Swamp |   3977 |   3691 |    286 |    610 |   1103 |   4 |  994.2 |
   Spider Nest |   2158 |   1859 |    299 |    147 |    571 |   3 |  719.3 |
  Orcish Mines |    955 |    843 |    112 |      0 |    576 |   2 |  477.5 |
      Ice Cave |    887 |    887 |      0 |    131 |    155 |   1 |  887.0 |
      Gauntlet |    852 |    852 |      0 |    210 |      9 |   1 |  852.0 |
               +--------+--------+--------+--------+--------+-----+--------+

Top non-repeatable levels by time:
     D:7: 1512 daAuts
     D:3: 1481 daAuts
     D:1: 1466 daAuts
 Swamp:2: 1458 daAuts
     D:6: 1453 daAuts
     D:5: 1364 daAuts
     D:4: 1356 daAuts
    D:15: 1325 daAuts
  Lair:2: 1284 daAuts
  Lair:5: 1279 daAuts
Spider:2: 1263 daAuts
  Lair:3: 1223 daAuts
  Lair:1: 1189 daAuts
  Lair:4: 1074 daAuts
 Swamp:4: 1051 daAuts
